[Event "*** Titled Tuesday Blitz"]
[Site "Chess.com"]
[Date "2020.10.20"]
[Round "3"]
[White "KatarinaOstojic"]
[Black "MikeSailer"]
[Result "0-1"]
[WhiteElo "2330"]
[BlackElo "2105"]
[TimeControl "180+1"]
[EndTime "10:28:26 PDT"]
[Termination "MikeSailer won by resignation"]

1. d4 d5 2. Nf3 Bf5 3. c4 e6 4. Nc3 Nc6 5. a3 Nf6 6. e3 Be7 7. Bd3 Bxd3 8. Qxd3 dxc4 9. Qxc4 Nd5 10. O-O O-O 11.
e4 Nxc3 12. bxc3 Na5 13. Qe2 Nb3 14. Rb1 Nxc1 15. Rbxc1 Bxa3 16. Rb1 b6 17. Ne5 Bd6 18. Nc4 Qd7 19. e5 Be7 20. f4 c5 21. Rfd1 cxd4 22. Rxd4 Bc5 23. Rd1 Rad8 24. Kh1 Bxd4 25. cxd4 Qd5 26.
Nd6 Rxd6 27. exd6 Qxd6 28. g3 Qd5+ 29. Kg1 Rc8 30. Qd2 g6 31. Ra1 a5 32. Rb1 b5 33. h4 h5 34. Kh2 b4 35. Ra1 Rc3 36. Qf2 b3 37. Kg1 Rc2 38. Qf1 Qxd4+ 39. Kh1 Qxa1 40. Qxa1 b2 41. Qxa5 b1=Q+ 0-1

[Event "*** Titled Tuesday Blitz"]
[Site "Chess.com"]
[Date "2020.10.20"]
[Round "3"]
[White "Srisshhhtea"]
[Black "zajka-molotok"]
[Result "0-1"]
[WhiteElo "2260"]
[BlackElo "2483"]
[TimeControl "180+1"]
[EndTime "10:28:27 PDT"]
[Termination "zajka-molotok won on time"]

1. d4 Nf6 2. c4 e6 3. Nf3 b6 4. g3 Ba6 5. b3 Bb4+ 6. Bd2 Be7 7.
Bg2 d5 8. Qc2 O-O 9. O-O c6 10.
Bf4 Nbd7 11. Rd1 Rc8 12. Nc3 dxc4 13. e4 b5 14. bxc4 bxc4 15. Rab1 Qa5 16. e5 Nd5 17. Bd2 Qa3 18. Ne4 h6 19. h4 Rb8 20. Rxb8 Rxb8 21.
Rb1 Qd3 22. Rxb8+ Nxb8 23. Qb2 Nd7 24. Nc3 N7b6 25. Ne1 Qxd4 26. Qc1 Bc5 27. Ne4 Bb4 0-1

[Event "*** Titled Tuesday Blitz"]
[Site "Chess.com"]
[Date "2020.10.20"]
[Round "3"]
[White "ChainsOfFantasia"]
[Black "Mazetovic"]
[Result "1-0"]
[WhiteElo "2491"]
[BlackElo "2742"]
[TimeControl "180+1"]
[EndTime "10:28:28 PDT"]
[Termination "ChainsOfFantasia won by resignation"]

1. c4 Nf6 2. Nc3 g6 3. d4 Bg7 4. e4 O-O 5. h3 d6 6. Be3 Nc6 7. g4 e5 8. d5 Nd4 9. Nf3 c5 10. dxc6 Nxf3+ 11. Qxf3 bxc6 12. Be2 Nd7 13. h4 Nc5 14. h5 Ne6 15. hxg6 fxg6 16. Qh3 Ng5 17.
Qh4 h6 18. O-O-O Be6 19. c5 d5 20. exd5 cxd5 21. Bc4 d4 22. Bxg5 Qe8 23. Bxe6+ Qxe6 24. Bxh6 Qf7 25. Bxg7 Qxg7 26. Ne4 Rf4 27. Ng5 Rf6 28. Rde1 Re8 29. Kb1 d3 30. Ne4 Rf4 31.
Nd6 Rb8 32. Re4 Rxe4 33. Nxe4 Rd8 34. Qxd8+ 1-0

[Event "*** Titled Tuesday Blitz"]
[Site "Chess.com"]
[Date "2020.10.20"]
[Round "3"]
[White "frederiksvane"]
[Black "FMalexhdez"]
[Result "1-0"]
[WhiteElo "2658"]
[BlackElo "2263"]
[TimeControl "180+1"]
[EndTime "10:28:28 PDT"]
[Termination "frederiksvane won by resignation"]

1. e4 c5 2. Nf3 d6 3. Bb5+ Bd7 4. c4 Nc6 5. d4 cxd4 6. Nxd4 Nf6 7. Nc3 g6 8. O-O Bg7 9. h3 O-O 10. Be3 Rc8 11.
Rc1 a6 12. Bxc6 bxc6 13. c5 dxc5 14. Nb3 Be6 15. Nxc5 Bc4 16. Re1 Qa5 17. b3 Rfd8 18.
Qc2 Be6 19. Nb7 Qc7 20. Nxd8 Rxd8 21. Na4 Qe5 22. Nc5 Bc8 23. Red1 Re8 24. Bd4 Qh5 25. Qc3 Bh6 26. Be3 Bg7 27. Qd3 e5 28. Rd2 Qh4 29.
Qe2 Nxe4 30. Rc4 f5 31. Nxe4 fxe4 32. Rxc6 Rf8 33. Qc4+ 1-0

[Event "*** Titled Tuesday Blitz"]
[Site "Chess.com"]
[Date "2020.10.20"]
[Round "3"]
[White "RamyresCoelho"]
[Black "gliglu"]
[Result "0-1"]
[WhiteElo "2062"]
[BlackElo "2333"]
[TimeControl "180+1"]
[EndTime "10:28:31 PDT"]
[Termination "gliglu won by checkmate"]

1. e4 c6 2. d4 d5 3. Nc3 dxe4 4. Nxe4 Nd7 5. Qe2 e6 6. Nf3 Ngf6 7. g3 Nxe4 8. Qxe4 Nf6 9. Qe2 Be7 10. Bg2 O-O 11.
Bd2 c5 12. dxc5 Bxc5 13. O-O Qb6 14. b4 Be7 15. a4 Bd7 16. a5 Qc7 17. c4 Rac8 18.
Rfc1 Bc6 19. b5 Bxf3 20. Bxf3 Rfd8 21. Be3 Bc5 22. Bg5 Qd6 23. Bxb7 Rc7 24. a6 e5 25. Rd1 Bd4 26. Rab1 Qb6 27. Bxf6 Qxf6 28. Be4 Rcd7 29. Bd5 Qb6 30. Rf1 Rd6 31. Kg2 Rf6 32. f3 g6 33.
Rbd1 Rfd6 34. g4 Kg7 35. Qe4 R8d7 36. Rd3 f6 37. Rfd1 Bc5 38. h4 Qa5 39. Bc6 Rxd3 40. Rxd3 Qa2+ 41. Kh3 Re7 42. Rd7 Rxd7 43. Bxd7 Bg1 44.
g5 Qh2+ 45. Kg4 Qg2# 0-1

[Event "*** Titled Tuesday Blitz"]
[Site "Chess.com"]
[Date "2020.10.20"]
[Round "3"]
[White "AccioChess"]
[Black "Chamal_Gedgafov"]
[Result "0-1"]
[WhiteElo "2441"]
[BlackElo "2170"]
[TimeControl "180+1"]
[EndTime "10:28:32 PDT"]
[Termination "Chamal_Gedgafov won by resignation"]

1. e4 e6 2. d4 d5 3. Nd2 a6 4.
Ngf3 c5 5. exd5 exd5 6. Be2 Nf6 7.
O-O c4 8. Ne5 Be7 9. b3 cxb3 10.
axb3 O-O 11. Bd3 Qc7 12. c4 Nc6 13. Ndf3 Bg4 14. Nxg4 Nxg4 15. cxd5 Nb4 16. Be4 Nf6 17. Qe2 Nxe4 18. Qxe4 Rfe8 19. Re1 h6 20. Bf4 Qd7 21. Rac1 Nxd5 22. Bg3 Bb4 23. Ne5 Qe6 24. Red1 f6 25. f4 Nc3 26. Qxb7 Nxd1 27. Qxb4 Ne3 28. Nd3 Qe4 29. Qd2 Nf5 30. Bf2 Nxd4 31. Re1 Qd5 32. Nb4 Nf3+ 33. gxf3 Qxd2 0-1

[Event "*** Titled Tuesday Blitz"]
[Site "Chess.com"]
[Date "2020.10.20"]
[Round "3"]
[White "Artyom_ChessMate"]
[Black "queen_iryna"]
[Result "1-0"]
[WhiteElo "2514"]
[BlackElo "2308"]
[TimeControl "180+1"]
[EndTime "10:28:34 PDT"]
[Termination "Artyom_ChessMate won by resignation"]

1. e4 d6 2. d4 Nf6 3. Nc3 e5 4. Nf3 Nbd7 5. Bc4 Be7 6. O-O O-O 7. a4 c6 8. Ba2 h6 9. h3 Re8 10. Be3 Bf8 11. Re1 exd4 12. Bxd4 Qc7 13. Nh4 Ne5 14. Nf5 Be6 15. Qd2 Bxa2 16. Rxa2 Rad8 17. Qf4 d5 18. Re3 dxe4 19. Nxh6+ gxh6 20. Rg3+ Nfg4 21. Rxg4+ Nxg4 22. Qxc7 Rxd4 23. hxg4 Bd6 24. Qxb7 Rb8 25. Qxa7 Rd2 26. g3 Rxc2 27. Nxe4 Be5 28. Qe7 Bd4 29. a5 f5 30. gxf5 Rf8 31. f6 Rf7 32.
Qe8+ 1-0

[Event "*** Titled Tuesday Blitz"]
[Site "Chess.com"]
[Date "2020.10.20"]
[Round "3"]
[White "AsaHoffmann"]
[Black "AungTZ"]
[Result "1-0"]
[WhiteElo "2391"]
[BlackElo "2141"]
[TimeControl "180+1"]
[EndTime "10:28:34 PDT"]
[Termination "AsaHoffmann won by resignation"]

1. d4 Nf6 2. Bg5 Ne4 3. Bf4 d5 4. f3 Nf6 5. e4 dxe4 6. Nc3 exf3 7. Nxf3 e6 8. Bc4 Bd6 9. Ne5 O-O 10. Qe2 c6 11.
O-O-O Nd5 12. Bd2 Nd7 13. Ne4 N7b6 14. Bb3 h6 15. Nxd6 Qxd6 16. c4 Nb4 17. c5 Qxd4 18.
cxb6 Qxe5 19. Qxe5 Nd3+ 20. Kc2 Nxe5 21. Bf4 Ng6 22.
Bd6 Re8 23. bxa7 Rxa7 24. h4 e5 25. h5 Nf4 26. g3 Ne2 27. Bc5 Bf5+ 28. Kd2 Ra5 29.
Bb4 Rb5 30. Kxe2 Rxb4 31. Ke3 Be6 32. Bxe6 Rxe6 33. b3 Rg4 34. Kf3 Rg5 35. g4 Rf6+ 36. Kg3 Rf4 37. Rh4 Kh7 38. Rd7 b5 39. Rc7 Rd4 40.
Rxc6 Rd3+ 41. Kf2 e4 42. Ke2 Re5 43. Rc7 Rf3 44. Rh2 Rd5 45. Rf2 Rxf2+ 46. Kxf2 Rg5 47. Rxf7 Re5 48. Ke3 Kg8 49. Rf5 Rxf5 50. gxf5 Kf7 51. a4 b4 52. Kxe4 1-0

[Event "*** Titled Tuesday Blitz"]
[Site "Chess.com"]
[Date "2020.10.20"]
[Round "3"]
[White "WonderChampion"]
[Black "OsorioFernando"]
[Result "1-0"]
[WhiteElo "2049"]
[BlackElo "2296"]
[TimeControl "180+1"]
[EndTime "10:28:35 PDT"]
[Termination "WonderChampion won by resignation"]

1. d4 f5 2. Nf3 Nf6 3. e3 e6 4.
Bd3 d5 5. c4 Bd6 6. c5 Be7 7. Ne5 O-O 8. O-O Nbd7 9. Nxd7 Bxd7 10. Nc3 a5 11. b4 axb4 12. Ne2 Ne4 13. Bd2 Ba4 14. Qc1 b3 15. axb3 Bxb3 16. Rxa8 Qxa8 17.
Bxe4 fxe4 18. Nc3 Bc4 19. Re1 c6 20. Qb2 e5 21. Qc2 exd4 22. exd4 Bf6 23. Be3 Qd8 24. Na4 Bg5 25. Nb6 Bd3 26. Qd2 Bxe3 27. fxe3 Qf6 28. h3 Qf7 29. Ra1 h6 30. Ra8 Qf1+ 31. Kh2 Rxa8 32.
Nxa8 Be2 33. Nc7 Kf7 34. Na8 g5 35. Nb6 Ke6 36. Na4 h5 37. Nc3 Ba6 38. Nd1 g4 39. hxg4 hxg4 40. Nf2 Kf5 41. Nh1 Be2 42. Ng3+ Kg5 43.
Nxf1 Bxf1 44. Qf2 Ba6 45. Qf4+ Kh5 46. Kg3 Be2 47. Qf5+ Kh6 48. Kf4 Kg7 1-0

[Event "*** Titled Tuesday Blitz"]
[Site "Chess.com"]
[Date "2020.10.20"]
[Round "3"]
[White "Jumbo"]
[Black "Ziachess74"]
[Result "1-0"]
[WhiteElo "2774"]
[BlackElo "2487"]
[TimeControl "180+1"]
[EndTime "10:28:36 PDT"]
[Termination "Jumbo won by resignation"]

1. d4 d5 2. Bf4 Nf6 3. e3 e6 4. Nf3 Bd6 5. Bg3 O-O 6. c4 c5 7. dxc5 Bxc5 8. Nc3 Nc6 9. a3 a6 10. Qc2 Qa5 11. Nd2 Be7 12. Be2 Bd7 13. O-O Rac8 14.
Rfd1 Rfd8 15. b4 Qb6 16. c5 Qa7 17. Na4 Nb8 18. Rac1 Bxa4 19. Qxa4 Nbd7 20. Bd3 Qa8 21. h3 h6 22. Nf3 Re8 23. Nd4 Bd8 24. c6 Nb6 25. cxb7 Qxb7 26. Qxa6 Qxa6 27. Bxa6 Ra8 28. Bb5 Re7 29. Nc6 Re8 30. Nxd8 Rexd8 31. Bc7 Rdc8 32. Bxb6 Rxc1 33. Rxc1 Rb8 34. Bd3 1-0

[Event "*** Titled Tuesday Blitz"]
[Site "Chess.com"]
[Date "2020.10.20"]
[Round "3"]
[White "annamaja"]
[Black "dragos420"]
[Result "0-1"]
[WhiteElo "2281"]
[BlackElo "2502"]
[TimeControl "180+1"]
[EndTime "10:28:36 PDT"]
[Termination "dragos420 won on time"]

1. e4 e5 2. Nf3 Nc6 3. Bc4 Nf6 4. d3 h6 5. c3 d6 6. O-O g5 7. Nxg5 hxg5 8. Bxg5 Rg8 9. h4 Be7 10. Qf3 Bg4 11. Qg3 Bh5 12. f4 Qd7 13. fxe5 Nxe5 14. Bb3 O-O-O 15. Qe3 Kb8 16. Bxf6 Ng4 17. Qd4 c5 18.
Qa4 Qxa4 19. Bxa4 Bxf6 20. g3 Be5 21. Rf5 Bg6 22. Rf3 d5 23. Nd2 dxe4 24. Nxe4 Bxe4 25. dxe4 Nf6 26. Bc2 Rxg3+ 27. Rxg3 Bxg3 28. Rf1 Bxh4 29. e5 Ng4 30. Rf4 Rg8 0-1

[Event "*** Titled Tuesday Blitz"]
[Site "Chess.com"]
[Date "2020.10.20"]
[Round "3"]
[White "picturesquecheck"]
[Black "Nastya_Rakhmangulova"]
[Result "1-0"]
[WhiteElo "2129"]
[BlackElo "2440"]
[TimeControl "180+1"]
[EndTime "10:28:38 PDT"]
[Termination "picturesquecheck won on time"]

1. e3 g6 2. d4 Bg7 3. Nf3 d6 4.
Bd3 Nf6 5. O-O O-O 6. c4 Nbd7 7. b3 e5 8. Nc3 Re8 9. Bc2 c6 10. Bb2 e4 11. Nd2 d5 12. Rc1 Nf8 13. a4 b6 14. Ba3 a6 15. Bxf8 Bxf8 16. Rb1 a5 17. Re1 Ba6 18. f4 Bb4 19. Na2 Bxd2 20. Qxd2 dxc4 21.
bxc4 Bxc4 22. Bb3 Bd3 23. Rbc1 Qd7 24. Nc3 b5 25. Qa2 b4 26. Nd1 Nd5 27. Nf2 Rec8 28.
Rc5 Nc3 29. Qd2 Qb7 30. Ng4 Kg7 31. Ne5 Rd8 32. Nxf7 Rd5 33. Rxd5 cxd5 34. Ne5 Rc8 35. Nxd3 exd3 36. Qxd3 Ne4 37. Qb5 Qxb5 38. axb5 Rc3 39.
Bxd5 Nd6 40. b6 b3 41. b7 1-0

[Event "*** Titled Tuesday Blitz"]
[Site "Chess.com"]
[Date "2020.10.20"]
[Round "3"]
[White "sergiochess83"]
[Black "crazy_but_lazy"]
[Result "1/2-1/2"]
[WhiteElo "2748"]
[BlackElo "2473"]
[TimeControl "180+1"]
[EndTime "10:28:40 PDT"]
[Termination "Game drawn by repetition"]

1. e4 e6 2. d4 d5 3. Nd2 h6 4. c3 Nf6 5. e5 Nfd7 6. Bd3 c5 7. Ne2 Nc6 8. O-O Qb6 9. Nf3 g5 10. h3 Be7 11. a3 a5 12. Bc2 Qa7 13. Be3 b6 14. Ng3 Ba6 15. Re1 O-O-O 16. Nh5 Rdg8 17. Nh2 cxd4 18. cxd4 Kb7 19. Ng4 Bc4 20. Qf3 Rf8 21.
Nhf6 Nxf6 22. Nxf6 Qa6 23. Rad1 a4 24. Nh7 Rxh7 25.
Bxh7 Qb5 26. Rd2 Na5 27. Qh5 Nb3 28. Rc2 Qe8 29. Qxh6 Rh8 30. Qg7 b5 31. f3 Bd8 32. Rd1 Ka6 33. Bd3 Rg8 34. Qh7 Rh8 35. Qg7 Rg8 36. Qh7 Rh8 37. Qg7 1/2-1/2

[Event "*** Titled Tuesday Blitz"]
[Site "Chess.com"]
[Date "2020.10.20"]
[Round "3"]
[White "Witik"]
[Black "andresgv36"]
[Result "1-0"]
[WhiteElo "2766"]
[BlackElo "2418"]
[TimeControl "180+1"]
[EndTime "10:28:41 PDT"]
[Termination "Witik won on time"]

1. d4 Nf6 2. Bf4 g6 3. Nf3 Bg7 4. Nc3 O-O 5. e4 d6 6. h3 Nbd7 7. Bh2 c5 8. e5 Ne8 9. dxc5 Nxc5 10. Bc4 Qa5 11. O-O dxe5 12. Bxe5 Bxe5 13. Nxe5 Nd6 14. Nd5 Qd8 15. Qd4 Ne6 16. Qh4 Nxc4 17. Qxc4 f6 18. Nf3 Kg7 19. Rad1 Bd7 20. Qb4 Rf7 21. Rfe1 Qe8 22. c4 a5 23. Qxb7 Nc5 24. Qb6 Rc8 25. Qxa5 e6 26. Nb6 Rc6 27. b4 Nb7 28. Qa7 Bc8 29. Nd4 Nd6 30. Nxc6 Rxa7 31. Nxa7 Nf5 32. Naxc8 Qc6 33. f3 e5 34. c5 Nd4 35. a4 1-0

[Event "*** Titled Tuesday Blitz"]
[Site "Chess.com"]
[Date "2020.10.20"]
[Round "3"]
[White "anon481216"]
[Black "AlexeiShirov"]
[Result "0-1"]
[WhiteElo "2423"]
[BlackElo "2812"]
[TimeControl "180+1"]
[EndTime "10:28:43 PDT"]
[Termination "AlexeiShirov won by resignation"]

1. d4 d5 2. c4 c6 3. Nc3 Nf6 4. e3 Nbd7 5. Nf3 e6 6. Bd3 dxc4 7. Bxc4 b5 8. Bd3 Bb7 9. O-O a6 10. e4 c5 11. d5 Qc7 12. dxe6 fxe6 13. Bc2 Bd6 14.
Ng5 Nf8 15. f4 O-O-O 16. Qe1 e5 17. Nd5 Bxd5 18. exd5 exf4 19. a4 b4 20. Qe2 Kb7 21. Bd3 Ka7 22. Bxa6 Be5 23. Bc4 Nxd5 24. Nf3 Ng6 25.
Kh1 Rhe8 26. Qc2 Ne3 27. Bxe3 fxe3 28. Rae1 Bd4 29. Ng5 Nf4 30. Rf3 h6 31. Ne4 Qe5 32.
Ng3 g5 33. Ne2 Bxb2 34. Nxf4 gxf4 35. Qh7+ Re7 36. Qxh6 Rd6 37. Qh3 Bc3 38. Rg1 e2 39. Bxe2 Qxe2 40. Rxf4 Rd1 0-1

[Event "*** Titled Tuesday Blitz"]
[Site "Chess.com"]
[Date "2020.10.20"]
[Round "3"]
[White "DanielTitichoca"]
[Black "Ermito2020"]
[Result "0-1"]
[WhiteElo "2404"]
[BlackElo "2639"]
[TimeControl "180+1"]
[EndTime "10:28:43 PDT"]
[Termination "Ermito2020 won by resignation"]

1. e4 e6 2. d4 d5 3. Nd2 Be7 4. Ngf3 Nf6 5. e5 Nfd7 6. Bd3 c5 7. c3 Nc6 8. O-O g5 9. dxc5 Ndxe5 10. Nxe5 Nxe5 11.
Bc2 Bxc5 12. Nb3 Be7 13. f4 gxf4 14. Bxf4 Ng6 15. Bg3 Bd7 16. Qd4 Qb6 17. Kh1 Qxd4 18. Nxd4 O-O 19. Rae1 Rac8 20. Nf3 Bb5 21. Rf2 Bc5 22. Rd2 Rfe8 23. h4 Ne7 24. Nd4 Bd7 25. h5 Nc6 26. Nb5 a6 27. Nd6 Bxd6 28. Bxd6 f5 29. g4 fxg4 30. Rf1 e5 31. Rxd5 Nd4 32. Be4 Nf3 33. Bxf3 gxf3 34. Bxe5 Bc6 35. Rc5 b6 36. Rg1+ Kf7 37. Rxc6 Rxc6 38. Bd4 Re2 39. Rg7+ Ke6 40. Rxh7 Kd5 41. Re7 Rxe7 0-1

[Event "*** Titled Tuesday Blitz"]
[Site "Chess.com"]
[Date "2020.10.20"]
[Round "3"]
[White "BocharovD"]
[Black "talman67"]
[Result "1-0"]
[WhiteElo "2806"]
[BlackElo "2523"]
[TimeControl "180+1"]
[EndTime "10:28:44 PDT"]
[Termination "BocharovD won by resignation"]

1. c4 Nf6 2. d4 e6 3. Nf3 b6 4. g3 Ba6 5. Qb3 Bb7 6. Bg2 c5 7. dxc5 Bxc5 8. O-O O-O 9. Nc3 Be7 10. Rd1 Na6 11.
Bf4 Nc5 12. Qc2 Nce4 13. Rac1 Nxc3 14. Qxc3 d6 15. Qb4 Ne8 16. Qa4 Qc7 17. b4 e5 18.
Be3 h6 19. Ne1 Nf6 20. Qb3 Rfd8 21. a3 Rac8 22. Bh3 Qc6 23. f3 Rb8 24. Bf2 a6 25. e4 b5 26. Bf1 bxc4 27. Bxc4 Qe8 28. Nc2 d5 29. exd5 Bd6 30. Ne3 e4 31. Nf5 Qe5 32.
Nxd6 Qxd6 33. Bc5 Qe5 34. Bd4 Qf5 35. Bxf6 Qxf6 36. fxe4 Qe6 37. dxe6 1-0

[Event "*** Titled Tuesday Blitz"]
[Site "Chess.com"]
[Date "2020.10.20"]
[Round "3"]
[White "serhanberat_ozdemir"]
[Black "Zmof"]
[Result "0-1"]
[WhiteElo "2400"]
[BlackElo "2170"]
[TimeControl "180+1"]
[EndTime "10:28:44 PDT"]
[Termination "Zmof won on time"]

1. Nf3 Nf6 2. g3 c5 3. Bg2 e6 4. c4 b6 5. O-O Bb7 6. Nc3 Be7 7. d4 cxd4 8. Nxd4 Bxg2 9. Kxg2 a6 10. b3 d6 11. Bb2 Qc7 12. e4 Nbd7 13. Qe2 O-O 14. Rfd1 Rac8 15. Rac1 Qb7 16. f3 Rfd8 17. Nc2 Nc5 18.
Ne3 Rb8 19. g4 b5 20. g5 Nfd7 21. cxb5 axb5 22. h4 b4 23. Nb1 Rbc8 24. Nd2 Ne5 25. Ndc4 Ng6 26. Kg3 d5 27. exd5 exd5 28. Ne5 Bd6 29. Ng4 Qb8 30. Re1 Re8 31. Rxc5 Rxc5 32. f4 Nxe5 33. fxe5 Qc8 0-1

[Event "*** Titled Tuesday Blitz"]
[Site "Chess.com"]
[Date "2020.10.20"]
[Round "3"]
[White "Azerichess"]
[Black "ChessQueen"]
[Result "1-0"]
[WhiteElo "2964"]
[BlackElo "2702"]
[TimeControl "180+1"]
[EndTime "10:28:45 PDT"]
[Termination "Azerichess won by resignation"]

1. d4 Nf6 2. c4 e6 3. Nc3 Bb4 4. Qc2 d5 5. cxd5 exd5 6. Bg5 c5 7. dxc5 Be6 8. e3 Nbd7 9. Nf3 h6 10. Bh4 O-O 11. a3 Bxc3+ 12. Qxc3 g5 13. Bg3 Ne4 14. Qb4 Ndxc5 15. Rd1 a5 16. Qd4 Nb3 17. Qd3 a4 18. Be2 Qa5+ 19. Kf1 Rac8 20. Nd4 Nc1 21. Qb5 Nd2+ 22.
Kg1 Nxe2+ 23. Qxe2 Ne4 24. f3 Nxg3 25. hxg3 Kg7 26.
f4 Qd8 27. Kf2 Qf6 28. Rc1 Rc4 29. Rxc4 dxc4 30. Qf3 b5 31. Qc6 Rd8 32. Rd1 gxf4 33. Nxe6+ fxe6 34. Qc7+ Kg6 35. Qxd8 fxe3+ 36. Kxe3 Qe5+ 37.
Kf2 Qxb2+ 38. Kg1 Qe2 39. Qg8+ Kh5 40. Qf7+ Kg5 41. Qg7+ Kh5 42. Rd4 1-0

[Event "*** Titled Tuesday Blitz"]
[Site "Chess.com"]
[Date "2020.10.20"]
[Round "3"]
[White "TomiLen"]
[Black "Unknown_IM"]
[Result "1-0"]
[WhiteElo "2605"]
[BlackElo "2378"]
[TimeControl "180+1"]
[EndTime "10:28:45 PDT"]
[Termination "TomiLen won on time"]

1. c4 e6 2. Nc3 Nf6 3. Nf3 d5 4. d4 Be7 5. Bg5 c6 6. e3 Nbd7 7. Qc2 h6 8. Bh4 O-O 9. Rc1 b6 10. cxd5 exd5 11. Bd3 c5 12. O-O c4 13. Bf5 Bb7 14. Rfd1 g6 15. Bh3 Kg7 16. Ne5 a6 17.
a4 Rc8 18. Bxf6+ Nxf6 19. Bxc8 Qxc8 20. b3 Bb4 21. bxc4 dxc4 22. Rb1 a5 23. f3 Nd5 24.
Nxd5 Bxd5 25. e4 Be6 26. d5 Qc5+ 27. Kh1 Bc8 28. Qxc4 Qd6 29. Qd4 Bc5 30. Qa1 f6 31. Nc4 Qc7 32. d6 Qc6 33. e5 Be6 34. exf6+ Kh7 35.
Ne5 Qb7 36. d7 Bd5 37. Rxd5 Qxd5 38. Rd1 1-0

[Event "*** Titled Tuesday Blitz"]
[Site "Chess.com"]
[Date "2020.10.20"]
[Round "3"]
[White "denispopov"]
[Black "LaPorfia"]
[Result "0-1"]
[WhiteElo "1955"]
[BlackElo "2302"]
[TimeControl "180+1"]
[EndTime "10:28:45 PDT"]
[Termination "LaPorfia won on time"]

1. e4 d5 2. exd5 Nf6 3. Bb5+ Nbd7 4. Nc3 g6 5. Nf3 Bg7 6. O-O O-O 7. d4 Nb6 8. Bg5 Nbxd5 9. Nxd5 Qxd5 10. c4 Qd8 11. Re1 c6 12. Ba4 Bg4 13. Be3 Qa5 14. Bc2 Qh5 15. h3 Bxf3 16. Qxf3 Qxf3 17. gxf3 Rfd8 18. Rad1 e6 19. Be4 Rd7 20. Rd2 Rad8 21. Red1 Nh5 22.
Kg2 f5 23. Bg5 Rf8 24. Bb1 h6 25. Bh4 g5 26. Bg3 f4 27. Bh2 Rfd8 28. Bg6 Nf6 29. h4 Nh7 30. hxg5 hxg5 31. d5 exd5 32. Bf5 Rd6 33.
cxd5 cxd5 34. Rxd5 Rxd5 35. Rxd5 Rxd5 36. Be6+ Kf8 37. Bxd5 b6 38. Kh3 Nf6 39. Bb3 Ke7 40. Kg2 Kd6 41. Bg1 Ke5 42. Kf1 Nd5 0-1

[Event "*** Titled Tuesday Blitz"]
[Site "Chess.com"]
[Date "2020.10.20"]
[Round "3"]
[White "juancruzarias"]
[Black "Shield12"]
[Result "0-1"]
[WhiteElo "2548"]
[BlackElo "2824"]
[TimeControl "180+1"]
[EndTime "10:28:46 PDT"]
[Termination "Shield12 won by resignation"]

1. e4 c5 2. Nc3 Nc6 3. Bb5 Nd4 4. Bc4 a6 5. a4 e6 6. Nge2 Nf6 7. Ba2 d5 8. exd5 exd5 9. Nxd4 cxd4 10. Ne2 d3 11. cxd3 Bd6 12. d4 O-O 13. d3 Re8 14. O-O Bg4 15. f3 Bf5 16. Ng3 Bg6 17. Bg5 h6 18. Bd2 Bxd3 19. Re1 Qb6 20. Bc3 Bg6 21. Qd2 Qc7 22.
Nf1 Qd7 23. Bb3 Nh5 24. g3 Nf6 25. Ne3 h5 26. Ng2 Bf5 27. Rxe8+ Rxe8 28. Re1 Rc8 29. Nf4 Bc7 30. Nd3 Bxd3 31. Qxd3 h4 32. g4 Qd6 33.
Re2 Nh7 34. Bd2 Nf8 35. Bc2 g6 36. Bb1 Ne6 37. Ba2 Nxd4 38. Rg2 Bb6 39. Kh1 h3 40. Rg1 Rc2 41. Rc1 Nxf3 42. Qxf3 Rxd2 43. Qxh3 Qe7 44. Qf3 Qe4 45. Bxd5 Qxd5 0-1

[Event "*** Titled Tuesday Blitz"]
[Site "Chess.com"]
[Date "2020.10.20"]
[Round "3"]
[White "jamalm2"]
[Black "ZverevLev"]
[Result "0-1"]
[WhiteElo "1815"]
[BlackElo "2280"]
[TimeControl "180+1"]
[EndTime "10:28:46 PDT"]
[Termination "ZverevLev won on time"]

1. Nf3 d5 2. e3 e6 3. c4 Nf6 4. b3 Be7 5. Bb2 O-O 6. Be2 c5 7. O-O Nc6 8. d4 cxd4 9. exd4 b6 10. Nbd2 Bb7 11. Ne5 Nxe5 12. dxe5 Nd7 13. cxd5 Bxd5 14. Bd3 Nc5 15. Bc2 Rc8 16. Rc1 Qd7 17. Qh5 g6 18. Qh6 Qd8 19. f4 Bxg2 20. Rf2 Bb7 21. Nc4 Qd5 22.
Kf1 Rfd8 23. Ne3 Qc6 24. Qh3 Ne4 25. Bxe4 Qxe4 26. Rxc8 Qh1+ 27. Ke2 Rxc8 28. Nc4 b5 29. Nd2 Rc2 30. Bd4 Bb4 31. Be3 Rc1 32. Rf1 Rxf1 33. Qxf1 Qxh2+ 34. Qf2 Qxf2+ 35. Bxf2 h5 36. Nf3 a6 37. Ng5 Bd5 38. Kd3 Be7 39. Ne4 h4 40. Nc5 h3 41. Ne4 Bxe4+ 42. Kxe4 h2 43. Ke3 h1=Q 0-1

[Event "*** Titled Tuesday Blitz"]
[Site "Chess.com"]
[Date "2020.10.20"]
[Round "3"]
[White "Artem_Sadovsky"]
[Black "Bulldog167"]
[Result "0-1"]
[WhiteElo "2504"]
[BlackElo "2758"]
[TimeControl "180+1"]
[EndTime "10:28:47 PDT"]
[Termination "Bulldog167 won by checkmate"]

1. Nf3 f5 2. d3 Nc6 3. e4 e5 4. exf5 Nf6 5. g3 Bc5 6. Bg2 d6 7. Nh4 Nd4 8. O-O Nxf5 9. Nxf5 Bxf5 10. Bxb7 O-O 11. Bg2 Ng4 12. c3 Nxf2 13. Qb3+ Kh8 14. d4 Nh3+ 15. Kh1 Be4 16. Qd1 Nf2+ 17. Rxf2 Rxf2 18. Bxe4 Qf6 19. Bg2 exd4 20. Nd2 Re8 21. Nf3 Ree2 22. Bg5 Qxf3 23. Bxf3 Rxh2+ 24. Kg1 d3+ 25. Kf1 Rhf2+ 26. Kg1 Rg2+ 27. Kh1 Rh2# 0-1

[Event "*** Titled Tuesday Blitz"]
[Site "Chess.com"]
[Date "2020.10.20"]
[Round "3"]
[White "MFBerna"]
[Black "Rozum_Ivan"]
[Result "0-1"]
[WhiteElo "2413"]
[BlackElo "2732"]
[TimeControl "180+1"]
[EndTime "10:28:47 PDT"]
[Termination "Rozum_Ivan won on time"]

1. Nf3 c5 2. b3 Nc6 3. Bb2 d6 4. e3 e5 5. Bb5 f5 6. c4 Nf6 7.
d4 cxd4 8. exd4 e4 9. Nfd2 a6 10. Ba4 Bd7 11. d5 Nb4 12. Bxd7+ Nxd7 13. O-O Be7 14.
Bxg7 Bf6 15. Qh5+ Ke7 16. Bxf6+ Kxf6 17. Nc3 Qe8 18. Qh4+ Kg7 19. Qg5+ Qg6 20. Qe7+ Qf7 21. Qxd6 Nd3 22. f3 e3 23. Qg3+ Qg6 24. Ndb1 f4 25. Qxg6+ hxg6 26. Ne2 g5 27. Nbc3 Nf6 28. Rad1 Ne5 29.
Nd4 Kg6 30. Ne6 Rh7 31. Ne2 Rd7 32. Rd4 b5 33. Rfd1 bxc4 34. bxc4 Rb8 35. c5 Rb2 36. N2xf4+ gxf4 37.
Nxf4+ Kf7 38. d6 Rxa2 39. Re1 Ra3 0-1

[Event "*** Titled Tuesday Blitz"]
[Site "Chess.com"]
[Date "2020.10.20"]
[Round "3"]
[White "arminmusovic"]
[Black "KyrgyzFighter"]
[Result "1-0"]
[WhiteElo "2565"]
[BlackElo "2358"]
[TimeControl "180+1"]
[EndTime "10:28:47 PDT"]
[Termination "arminmusovic won on time"]

1. a3 d6 2. Nc3 e5 3. d4 Nf6 4.
dxe5 dxe5 5. Qxd8+ Kxd8 6. Bg5 Be7 7. O-O-O+ Ke8 8. e4 c6 9. h3 h6 10. Be3 Be6 11. f4 exf4 12. Bxf4 b5 13. Nf3 a5 14. Nd4 b4 15. Nxe6 fxe6 16. Nb1 Nxe4 17. Re1 Nc5 18.
Bc4 Rf8 19. Bd2 bxa3 20. Nxa3 Rf2 21. Be3 Rxg2 22. Bxc5 Bxc5 23. Rxe6+ Kd7 24. Rf1 Kc7 25. Bd3 Rg3 26. Nc4 Nd7 27. Be4 Ra6 28. Rf7 Kd8 29.
Bxc6 Nf6 30. Ne5 1-0

[Event "*** Titled Tuesday Blitz"]
[Site "Chess.com"]
[Date "2020.10.20"]
[Round "3"]
[White "Grieve72"]
[Black "onetowin"]
[Result "1-0"]
[WhiteElo "2455"]
[BlackElo "2112"]
[TimeControl "180+1"]
[EndTime "10:28:47 PDT"]
[Termination "Grieve72 won on time"]

1. e4 c5 2. Nc3 e6 3. Nf3 Nc6 4. d4 cxd4 5. Nxd4 Qc7 6. Be3 a6 7.
Qf3 Ne5 8. Qg3 h5 9. Nf5 exf5 10.
Nd5 Qd6 11. Bf4 f6 12. O-O-O Ne7 13. Nxf6+ Qxf6 14. Bxe5 Qe6 15. b3 Nc6 16. Bb2 fxe4 17. Bc4 Qh6+ 18. Kb1 b5 19. Bd5 Bd6 20. Qh4 Be7 21.
Qxe4 Bb7 22. Rhe1 O-O-O 23. Bxc6 Bxc6 24. Qxe7 Rhe8 25. Qxg7 Qxg7 26. Bxg7 Rg8 27. Be5 Rxg2 28. Bg3 h4 29. Bxh4 Rf8 30. Bg3 Bf3 31. Rd3 Bg4 32.
Kc1 Bf5 33. Rf3 Be6 34. Rxf8+ 1-0